 Dungeon Crawl Stone Soup version 0.28-a0-10-g964c8b829e (webtiles) character file.

Game seed: 12477413276066817824

44 ezpacito the Skirmisher (level 3, -1/29 HPs)
             Began as a Demonspawn Abyssal Knight on July 25, 2021.
             Was a Follower of Lugonu.
             Slain by Sigmund (4 damage)
             ... on level 2 of the Dungeon.
             The game lasted 00:02:22 (1858 turns).

ezpacito the Skirmisher (Demonspawn Abyssal Knight) Turns: 1858, Time: 00:02:23

Health: -1/29      AC:  3    Str: 12    XL:     3   Next: 39%
Magic:  5/5        EV: 11    Int: 13    God:    Lugonu [*.....]
Gold:   119        SH:  0    Dex: 13    Spells: 3/3 levels left

rFire   . . .      SeeInvis .   a - +1 hand axe
rCold   . . .      Faith    .   (no shield)
rNeg    . . .      Spirit   .   b - +0 leather armour
rPois   .          Reflect  .   (no helmet)
rElec   .          Harm     .   (no cloak)
rCorr   .          Rampage  .   (no gloves)
Will    .....                   (no boots)
Stlth   +.........              (no amulet)
HPRegen 0.09/turn               (no ring)
MPRegen 0.09/turn               (no ring)

@: confused
A: demonic magic 1
a: Renounce Religion, Depart the Abyss


You were on level 2 of the Dungeon.
You worshipped Lugonu.
Lugonu was aware of your devotion.
You visited 1 branch of the dungeon, and saw 2 of its levels.
You visited the Abyss 1 time.

You collected 119 gold pieces.

Inventory:

Hand Weapons
 a - a +1 hand axe (weapon)
 e - a +0 glaive of freezing
Missiles
 h - 99 stones (quivered)
Armour
 b - a +0 leather armour (worn)
 j - a +0 plate armour
Scrolls
 d - a scroll of blinking
 f - 2 scrolls of identify
 g - a scroll of teleportation


   Skills:
 + Level 3.2 Fighting
 * Level 2.3 Axes
 + Level 0.2 Throwing
 + Level 2.0 Armour
 + Level 1.1 Dodging
 + Level 0.6 Unarmed Combat
 + Level 0.7 Spellcasting
 + Level 2.8 Invocations


You had 3 spell levels left.
You didn't know any spells.
Your spell library was empty.

Dungeon Overview and Level Annotations

Branches:
Dungeon (2/15)

Altars:

Shops:
D:2 [

Annotations:
D:2 Sigmund


Innate Abilities, Weirdness & Mutations

Spells you cast may paralyse adjacent enemies.


Message History

You don't have any unidentified items.
You hit Sigmund.
Sigmund is lightly wounded.
You hit the ball python.
You kill the ball python!
Lugonu accepts your kill. Sigmund barely misses you.
You hit Sigmund.
Sigmund is lightly wounded.
Sigmund misses you.
You barely miss Sigmund.
Sigmund is lightly wounded.
Sigmund barely misses you.
You hit Sigmund.
Sigmund is moderately wounded.
Sigmund hits you with a +0 scythe. Sigmund barely misses you.
You hit Sigmund.
Sigmund is heavily wounded.
Sigmund says, "You will soon forget everything."
Sigmund hits you with a +0 scythe.
You hit Sigmund.
Sigmund is heavily wounded.
Sigmund gestures at you while chanting.
You are confused.
You hit Sigmund but do no damage.
Sigmund is heavily wounded.
Sigmund gestures wildly while chanting.
Sigmund flickers and vanishes!
Deactivating autopickup; reactivate with Ctrl-A.
You aren't carrying any potions.
You are too confused!
You're too confused to attack without stumbling around!
You're too confused to attack without stumbling around!
You closely miss something.
A goblin comes into view. It is wielding a +0 dagger.
Something hits you!
* * * LOW HITPOINT WARNING * * *
The goblin moves out of view.
Something hits you.
You die...

#.##.# ..#.# ######..#.#
..#.# #.......#.# ###
#.#.# #.####.>#.# #..
#.#.# #.# #..#.###
#...#.#.###.####..#.##.
..#...#..................
......{...###.####..#.##.
......†)@................
....###)#.########.......
. .....# ##..####.
........ ..........
........... ###..####.
...........# #.( #..
...###.#...# #. #.. ...
#.#.### #.. #..


There were no monsters in sight!

Vanquished Creatures
  2 dart slugs (D:1)
  3 ball pythons
  An endoplasm (D:1)
  A giant cockroach (D:1)
  7 goblins
  A hobgoblin (D:1)
  7 jackals
  2 quokkas (D:1)
  A bat (D:1)
  A frilled lizard (D:1)
  3 kobolds
  5 rats
34 creatures vanquished.

Notes
Turn   | Place    | Note
-------+----------+-------------------------------------------
     0 | Abyss:1  | ezpacito the Demonspawn Abyssal Knight began the quest for
                  | the Orb.
     0 | Abyss:1  | Reached XP level 1. HP: 18/18 MP: 2/2
   100 | Abyss:2  | Noticed a fire bat
   100 | Abyss:2  | Noticed a fire bat
   119 | Abyss:2  | Noticed a bone dragon
   127 | Abyss:2  | Noticed a dire elephant zombie
   140 | Abyss:2  | Noticed an iron imp
   141 | Abyss:2  | Noticed a spatial vortex
   141 | Abyss:2  | Noticed a spatial vortex
   141 | Abyss:2  | Noticed a spatial maelstrom
   142 | Abyss:2  | Noticed a spatial vortex
   142 | Abyss:2  | Noticed a spatial vortex
   143 | Abyss:2  | Noticed a spatial vortex
   144 | Abyss:2  | Noticed a spatial vortex
   145 | Abyss:2  | Noticed a spatial vortex
   152 | D:1      | Escaped the Abyss
   365 | D:1      | Reached skill level 1 in Dodging
   374 | D:1      | Gained mutation: Spells you cast may paralyse adjacent
                  | enemies. [demonic ancestry]
   374 | D:1      | Reached XP level 2. HP: 11/24 MP: 3/3
   992 | D:1      | Reached * piety under Lugonu
  1360 | D:2      | Reached XP level 3. HP: 24/29 MP: 5/5
  1500 | D:2      | Found Souw's Antique Armour Shop.
  1842 | D:2      | Noticed Sigmund
  1858 | D:2      | Slain by Sigmund

Illustrated notes

Levels and vault maps discovered:
D:1:      lightli_iron_boxes, layout_loops_corners
D:2:      layout_basic, serial_shops, nicolae_shop_crystal, minmay_heptomino_l4,
          uniq_natasha, uniq_robin, uniq_sigmund, uniq_terence

Skill      XL: |  1  2 |
---------------+-------+-----
Dodging        | 1 |  1.1
Axes           | 2 |  2.3
Armour         | 2 |  2.0
Fighting       | |  3.2
Throwing       | |  0.2
Unarmed Combat | |  0.6
Spellcasting   | |  0.7
Invocations    | |  2.8

Action                   || total
-------------------------++-------
Melee: Hand axe          ||    95
Invok: Depart the Abyss  ||     1
  Use: Scroll            ||     3
       Potion            ||     2
Armor: Leather armour    ||    41
Dodge: Dodged            ||    71

Table legend: (Time is in decaauts)
 A = Elapsed time spent in this place.
 B = Non-inter-level travel time spent in this place.
 C = Inter-level travel time spent in this place.
 D = Time resting spent in this place.
 E = Time spent auto-exploring this place.
 F = Levels seen in this place.
 G = Mean time per level.
                   A        B        C        D        E       F      G
               +--------+--------+--------+--------+--------+-----+--------+
         Total |   1876 |   1867 |      9 |    156 |   1405 |   4 |  469.0 |
       Dungeon |   1724 |   1715 |      9 |    156 |   1347 |   2 |  862.0 |
         Abyss |    151 |    151 |      0 |      0 |     58 |   2 |   75.5 |
               +--------+--------+--------+--------+--------+-----+--------+

Top non-repeatable levels by time:
     D:1: 1187 daAuts
     D:2: 536 daAuts
 Abyss:2: 92 daAuts
 Abyss:1: 59 daAuts
